 Dungeon Sprint DCSS version 0.27-a0-1548-gf8a67e7463 (webtiles) character file.

Game seed: 16462574971114519901

95 mhtbhm the Covered (level 4, -10/45 HPs)
             Began as a Minotaur Fighter on July 13, 2021.
             Was an Initiate of Gozag.
             Killed by divine providence
             ... invoked by an orc priest
              (13 damage)
             ... in the Dungeon (Sprint VII: "The Pits").
             The game lasted 00:00:48 (389 turns).

mhtbhm the Covered (Minotaur Fighter)                Turns: 389, Time: 00:00:49

Health: -10/45     AC:  7    Str: 22    XL:     4   Next: 39%
Magic:  3/3        EV:  8    Int:  5    God:    Gozag
Gold:   675        SH: 10    Dex:  9    Spells: 3/3 levels left

rFire    . . .     SeeInvis .   a - +2 hand axe (vorpal)
rCold    . . .     Faith    .   c - +0 kite shield
rNeg     . . .     Spirit   .   b - +0 scale mail
rPois    .         Reflect  .   (helmet restricted)
rElec    .         Harm     .   (no cloak)
rCorr    .         Rampage  .   (no gloves)
Will     .....     NoTele   +   (no boots)
Stlth    ..........             (no amulet)
HPRegen  0.15/turn              (no ring)
MPRegen  0.08/turn              (no ring)

@: gold aura
A: horns 2, retaliatory headbutt
a: Renounce Religion, Potion Petition, Call Merchant, Bribe Branch


You were in the Dungeon.
You worshipped Gozag.
Gozag was pleased with you.
You visited 1 branch You collected 675 gold pieces.

Inventory:

Hand Weapons
 a - a +2 vorpal hand axe (weapon)
Armour
 b - a +0 scale mail (worn)
 c - a +0 kite shield (worn)
Scrolls
 j - a scroll of blinking
 l - 5 scrolls of amnesia
 m - a scroll of summoning
Potions
 d - a potion of might
 e - 6 potions of curing
 f - 4 potions of heal wounds
 g - a potion of haste
 h - 4 potions of magic
 i - 3 potions of berserk rage
 k - 2 potions of invisibility


   Skills:
 + Level 6.4 Fighting
 + Level 4.8 Axes
 + Level 6.5 Armour
 + Level 1.3 Dodging
 + Level 6.5 Shields


You had 3 spell levels left.
You didn't know any spells.
Your spell library was empty.

Dungeon Overview and Level Annotations

Branches:
Dungeon (1/1)

Altars:
Ashenzari
Cheibriados
Dithmenos
Elyvilon
Fedhas
Gozag
Hepliaklqana
Kikubaaqudgha
Makhleb
Nemelex Xobeh
Okawaru
Qazlal
Ru
Sif Muna
Trog
Uskayaw
Vehumet
Wu Jian
Xom
Yredelemnul
Zin
The Shining One
Beogh
Jiyva
Lugonu


Innate Abilities, Weirdness & Mutations

You have a pair of horns on your head.
You reflexively headbutt those who attack you in melee.


Message History

The water moccasin hisses angrily.
The gnoll sergeant shouts!
Your headbutt misses the orc.
The floating eye gazes piercingly through you!
You shrug off the repeated paralysis!
You block the orc's attack.
The orc priest miscasts a cantrip.
The floating eye's view fixates on you.
Unknown command.
You feel much better.
The gnoll sergeant is no longer distracted by gold.
You block the orc's attack.
The gnoll sergeant hits you from afar with a +0 spear.
You closely miss the orc. Your headbutt misses the orc.
You block the orc's attack. You block the gnoll sergeant's attack.
The floating eye gazes piercingly through you!
You shrug off the repeated paralysis!
You hit the orc. Your headbutt misses the orc.
The orc is heavily wounded.
The orc hits you with a +0 morningstar of protection.
The gnoll sergeant hits you but does no damage.
The floating eye seems to glare at you.
Unknown command.
You hit the orc.
You kill the orc!
The centaur shoots an arrow.
The arrow hits you!
The gnoll sergeant hits you from afar with a +0 spear.
The centaur shoots an arrow.
The arrow hits you!
The gnoll sergeant hits you from afar with a +0 spear.
* * * LOW HITPOINT WARNING * * *
Unknown command.
Unknown command.
The centaur shoots an arrow.
You block the arrow.
The floating eye gazes piercingly through you!
You suddenly lose the ability to move!
The gnoll sergeant hits you from afar with a +0 spear!
* * * LOW HITPOINT WARNING * * *
You can move again.
The orc priest looks encouraged for a moment.
The orc priest mumbles some strange prayers to Beogh against you.
Beogh smites you!
You die...
Your body crumbles into a pile of gold.

#.?(.))))'.##.....
##########.##.....
#..........รท'.....
#'#####'#####.....
#.#...#.#[[##.....
#.#...#.#))#####'#
#.#...'.#))##.....
#.##'####))##.....
#@#)....#..##.....
#.#.....#'###...<.
#g#........##.....
#.#........##.....
#o###########.....


#cG ###### #go. ##.#S .... You could see a gnoll sergeant, a centaur, a floating
eye, 2 orc priests and a gnoll.

Vanquished Creatures
  An orc priest (D)
  Terence (D)
  A gnoll (D)
  A river rat (D)
  An ufetubus (D)
  An orc (D)
  A hobgoblin (D)
  8 jackals (D)
  2 ball pythons (D)
  A frilled lizard (D)
18 creatures vanquished.

Notes
Turn   | Place    | Note
-------+----------+-------------------------------------------
     0 | D        | mhtbhm the Minotaur Fighter began the quest for the Orb.
     0 | D        | Reached XP level 1. HP: 19/19 MP: 0/0
    16 | D        | Reached XP level 2. HP: 28/28 MP: 1/1
    20 | D        | Found a bloodstained altar of Trog.
    20 | D        | Found a shimmering blue altar of Sif Muna.
    20 | D        | Found a viscous altar of Jiyva.
    20 | D        | Found a hazy altar of Hepliaklqana.
    20 | D        | Found an opulent altar of Gozag.
    21 | D        | Found a glowing golden altar of the Shining One.
    21 | D        | Found a glowing silver altar of Zin.
    21 | D        | Found a basalt altar of Yredelemnul.
    21 | D        | Found a shimmering altar of Xom.
    21 | D        | Found an ornate altar of the Wu Jian Council.
    21 | D        | Found a sacrificial altar of Ru.
    21 | D        | Found a stormy altar of Qazlal.
    21 | D        | Found an iron altar of Okawaru.
    21 | D        | Found a sparkling altar of Nemelex Xobeh.
    21 | D        | Found a burning altar of Makhleb.
    21 | D        | Found a blossoming altar of Fedhas.
    21 | D        | Found a white marble altar of Elyvilon.
    21 | D        | Found a shadowy altar of Dithmenos.
    21 | D        | Found a snail-covered altar of Cheibriados.
    24 | D        | Found a corrupted altar of Lugonu.
    24 | D        | Found a radiant altar of Vehumet.
    25 | D        | Found an ancient bone altar of Kikubaaqudgha.
    25 | D        | Found a hide-covered altar of Uskayaw.
    25 | D        | Found a broken altar of Ashenzari.
    28 | D        | Became a worshipper of Gozag Ym Sagoz the Greedy
    94 | D        | Reached skill level 5 in Fighting
    94 | D        | Reached skill level 5 in Armour
   108 | D        | Noticed Terence
   114 | D        | Reached skill level 5 in Shields
   119 | D        | Reached XP level 3. HP: 15/36 MP: 2/2
   120 | D        | Killed Terence
   365 | D        | Noticed a floating eye
   365 | D        | Noticed a centaur
   369 | D        | Reached skill level 1 in Dodging
   369 | D        | Reached XP level 4. HP: 33/44 MP: 3/3
   369 | D        | Noticed a gnoll sergeant
   376 | D        | Paralysed by a floating eye for 4 turns
   379 | D        | Noticed a water moccasin
   386 | D        | Paralysed by a floating eye for 3 turns
   389 | D        | Killed from afar by an orc priest

Illustrated notes

Levels and vault maps discovered:
D:        pitsprint [storerooms_1, entrance_room_1, metal_vault_1, armoury_1,
          mini_pit_1, grid_room_1, main_hall_1, silver_pit, the_coven_3,
          the_vestibule_1, steel_vault_4, golden_pit, hallway_of_sentries,
          crystal_vault_1, iron_vault_1, final_vault]

Skill      XL: |  1  2  3 |
---------------+----------+-----
Fighting       | 4 5 6 |  6.4
Armour         | 4 5 6 |  6.5
Shields        | 4 5 6 |  6.5
Axes           | 3 4 |  4.8
Dodging        | 1 |  1.3

Action                   |  1- 3 |  4- 6 || total
-------------------------+-------+-------++-------
Melee: War axe           |     3 |       ||     3
       Hand axe          |    34 |    11 ||    45
       Headbutt          |     5 |     2 ||     7
  Use: Potion            |       |     2 ||     2
Armor: Scale mail        |    24 |     3 ||    27
Dodge: Dodged            |    17 |     2 ||    19
Block: Kite shield       |    37 |     8 ||    45

Table legend: (Time is in decaauts)
 A = Elapsed time spent in this place.
 B = Non-inter-level travel time spent in this place.
 C = Inter-level travel time spent in this place.
 D = Time resting spent in this place.
 E = Time spent auto-exploring this place.
 F = Levels seen in this place.
 G = Mean time per level.
                   A        B        C        D        E       F      G
               +--------+--------+--------+--------+--------+-----+--------+
         Total |    404 |    404 |      0 |    196 |     27 |   1 |  404.0 |
       Dungeon |    404 |    404 |      0 |    196 |     27 |   1 |  404.0 |
               +--------+--------+--------+--------+--------+-----+--------+

Top non-repeatable levels by time:
       D: 404 daAuts
